 Dungeon Crawl Stone Soup version 0.17-a0-1115-g0372368 (webtiles) character file.

46 HeyJoe the Chopper (level 3, 0/33 HPs)
             Began as a Deep Dwarf Berserker on May 23, 2015.
             Was a Believer of Trog.
             Slain by an orc
             ... wielding a +2 flail of protection
              (6 damage)
             ... on level 3 of the Dungeon.
             The game lasted 00:03:15 (1325 turns).

HeyJoe the Chopper (Deep Dwarf Berserker)           Turns: 1325, Time: 00:03:15

Health: 0/33       AC:  6    Str: 21    XL:     3   Next: 46%
Magic:  3/3        EV: 11    Int:  7    God:    Trog [**....]
Gold:   66         SH:  0    Dex: 12    Spells: 0 memorised, 2 levels left

rFire  . . .     SeeInvis .     a - +0 hand axe
rCold  . . .     Clarity  .     j - +0 ring mail
rNeg   . . .     SustAt   .     (no shield)
rPois  .         Gourm    .     o - +1 hat
rElec  .         Spirit   .     (no cloak)
rCorr  .         Warding  .     (no gloves)
rMut   .         Stasis   .     (no boots)
MR     .....                    (no amulet)
Stlth  +.........               (no ring)
                                (no ring)

@: non-regenerating, not resistant to hostile enchantments, very unstealthy
A: damage resistance, recharge devices, sense surroundings 1, slow healing 3
a: Device Recharging, Burn Spellbooks, Berserk, Trog's Hand, Renounce Religion


You were on level 3 of the Dungeon.
You worshipped Trog.
Trog was pleased with you.
You were not hungry.

You visited 1 branch of the dungeon, and saw 3 of its levels.

You collected 66 gold pieces.

Inventory:

Hand weapons
 a - a +0 hand axe (weapon)
Armour
 b - a +0 animal skin
 j - a +0 ring mail (worn)
 o - a +1 hat (worn)
Jewellery
 f - a +4 ring of strength {unknown}
 h - an uncursed ring of positive energy {unknown}
 r - an uncursed amulet of regeneration {unknown}
 u - an uncursed ring of sustain attributes {unknown}
 v - a +4 ring of dexterity {unknown}
Magical devices
 c - a wand of heal wounds (5)
 t - a wand of fire (6)
Scrolls
 e - 3 scrolls of remove curse {unknown}
 l - 2 scrolls of recharging {unknown}
 p - 2 scrolls of fog {unknown}
 q - 3 scrolls of teleportation {unknown}
Potions
 g - a potion of brilliance {unknown}
 i - a potion of magic {unknown}
 k - 2 potions of flight {unknown}
 m - a potion of curing {unknown}
 n - a potion of heal wounds {unknown}
 s - 2 potions of invisibility {unknown}
Comestibles
 d - 6 bread rations


   Skills:
 - Level 2.6 Fighting
 + Level 5.0 Axes
 - Level 2.1 Armour
 - Level 2.1 Dodging


You had 2 spell levels left.
You didn't know any spells.

Dungeon Overview and Level Annotations

Branches:
Dungeon (3/15)

Altars:


Innate Abilities, Weirdness & Mutations

You are resistant to damage.
You can recharge devices by infusing magical energy.
You passively map a small area around you.
You do not heal naturally.


Message History

You hit the orc but do no damage.
The orc is moderately wounded.
The orc barely misses you.
You hit the orc but do no damage.
The orc is moderately wounded.
The orc hits you with a flail of protection.
* * * LOW HITPOINT WARNING * * *
You hit the orc but do no damage.
The orc is moderately wounded.
You hit the orc.
The orc is heavily wounded.
The orc hits you with a flail of protection.
* * * LOW HITPOINT WARNING * * *
Your ring mail prevents you from hitting the orc.
The orc is heavily wounded.
The orc hits you but does no damage.
You hit the orc but do no damage.
The orc is heavily wounded.
The orc hits you with a flail of protection!
You die...

, * #........# ,
#........#
####..?..$..#
...........# *
#..........# , ≈
,#........# , ≈
#.....o..# ≈#
#....@...#
##.#........# ,,
...###.######
#........#
*##........#
...........# .#
####.......#
...######.......#
.............####


You could see an orc.

Vanquished Creatures
  An adder (D:2)
  An ooze (D:1)
  A ball python (D:2)
  3 giant cockroaches
  11 goblins
  A hobgoblin (D:1)
  2 kobolds
  6 bats
  2 giant newts (D:1)
  4 rats
32 creatures vanquished.

Notes
Turn   | Place    | Note
--------------------------------------------------------------
     0 | D:1      | HeyJoe the Deep Dwarf Berserker began the quest for the Orb.
     0 | D:1      | Reached XP level 1. HP: 20/20 MP: 1/1
    66 | D:1      | Reached skill level 4 in Axes
    66 | D:1      | Reached XP level 2. HP: 17/27 MP: 2/2
   290 | D:1      | Acquired Trog's second power
   544 | D:2      | Reached XP level 3. HP: 18/33 MP: 3/3
  1081 | D:2      | Reached skill level 5 in Axes
  1325 | D:3      | Slain by an orc

Vault maps used:
D:1:      zelgadis_glass_arrival_small, serial_bayou_pond_e, st_stairs_6
D:2:      first_bread
D:3:      gammafunk_temple_overflow_forgotten, gup_sewer_entry_glass,
          uniq_sigmund

Action                   || total
-------------------------++-------
Melee: Hand axe          ||   122
  Eat: Chunk             ||     1
